 Dungeon Crawl Stone Soup version 0.30.0 (webtiles) character file.

Game seed: 9292207419809419869

152 konerai the Shield-Bearer (level 5, -1/45 (52) HPs)
             Began as a Troll Fighter on May 6, 2023.
             Slain by a wight
             ... wielding a +0 spear
              (2 damage)
             ... on level 3 of the Dungeon.
             The game lasted 00:14:41 (1052 turns).

konerai the Shield-Bearer (Troll Fighter)           Turns: 1052, Time: 00:14:58

HP:   -1/45 (52)    AC:  4    Str: 26    XL:     5   Next: 11%
MP:   4/4           EV:  9    Int:  4    God:
Gold: 117           SH: 13    Dex:  9    Spells: 4/4 levels left

rFire   . . .        a - +0 flail
rCold   . . .        c - +0 kite shield
rNeg    . . .        b - +0 robe
rPois   .            (helmet restricted)
rElec   .            (no cloak)
rCorr   .            (gloves unavailable)
SInv    .            (boots unavailable)
Will    .....        j - amulet of reflection
Stlth   +            (no ring)
HPRegen 1.07/turn    (no ring)
MPRegen 0.09/turn

%: reflection
@: heavily drained
A: large, unfitting armour, claws 3, regeneration 1, shaggy fur 1, tough skin 1
a: no special abilities


You were on level 3 of the Dungeon.
You visited 1 branch of the dungeon, and saw 3 of its levels.

You collected 117 gold pieces.

Inventory:

Hand Weapons
 a - a +0 flail (weapon)
Missiles
 l - 3 poisoned darts (quivered)
Armour
 b - a +0 robe (worn)
 c - a +0 kite shield (worn)
Jewellery
 h - an amulet of the acrobat
 j - an amulet of reflection (around neck)
Scrolls
 f - 4 scrolls of identify {unknown}
 k - a scroll of acquirement {unknown}
 m - a scroll of blinking {unknown}
 n - a scroll of vulnerability {unknown}
Potions
 d - a potion of might
 e - a potion of curing {unknown}
 g - a potion of berserk rage {unknown}
 i - a potion of brilliance {unknown}


   Skills:
 + Level 2.8 Fighting
 + Level 3.2 Maces & Flails
 + Level 3.0 Dodging
 + Level 3.7 Shields


You had 4 spell levels left.
You didn't know any spells.
Your spell library contained the following spells:

 Spells                   Type           Power      Damage    Failure   Level
 Sting                    Tmut/Pois      0%         1d3       75%         1
 Poisonous Vapours        Pois/Air       0%         N/A       87%         2
 Gell's Gravitas          Tloc           0%         N/A       98%         3
 Teleport Other           Tloc           0%         N/A       98%         3
 Olgreb's Toxic Radiance  Pois           0%         N/A       100%        4
 Dispersal                Tloc           0%         N/A       100%        6


Dungeon Overview and Level Annotations

Branches:
Dungeon (3/15)

Altars:


Innate Abilities, Weirdness & Mutations

You are too large for most types of armour.
You have claws for hands.
Your natural rate of healing is unusually fast.
You are covered in fur. (AC +1)
You have tough skin. (AC +1)


Message History

Your Maces & Flails skill increases to level 3!
You have reached level 5!
You block the wight's attack.
The wight hits you from afar with a +0 trident!
You feel drained.
Things that are here:
a +0 falchion; a +0 robe of resistance You block the wight's attack. x2
You block the wight's attack. The wight barely misses you.
You barely miss the wight.
The wight hits you from afar with a +0 trident.
The wight hits you with a +0 spear. You block the giant cockroach's attack.
You hit the wight.
The wight is moderately damaged.
The wight barely misses you.
The wight hits you from afar with a +0 trident!
* * * LOW HITPOINT WARNING * * *
You feel drained.
* * * LOW HITPOINT WARNING * * *
The giant cockroach bites you.
* * * LOW HITPOINT WARNING * * *
You block the wight's attack. The giant cockroach bites you.
* * * LOW HITPOINT WARNING * * *
You block the wight's attack.
You thump the wight!
The wight is severely damaged.
You block the giant cockroach's attack.
The wight hits you from afar with a +0 trident!
* * * LOW HITPOINT WARNING * * *
You feel drained.
* * * LOW HITPOINT WARNING * * *
You block the wight's attack.
You hit the wight.
The wight is almost destroyed.
You block the giant cockroach's attack. The wight barely misses you.
The wight hits you with a +0 spear.
* * * LOW HITPOINT WARNING * * *
You feel drained.
You die...

....>#.#
###...$#.#
......#.#
#..#.#.#
#..#.#.#####
.###..........#
.........)# #
###.##.#.##....
#(..@Bz......#
####z####....#
#..# ...#
+########.###
..#
............+
.#
.........####
#...#
.........#
.###...#.#
.........#
..#...#.#
.........#
#.#...#.#


You could see 2 wights and a giant cockroach.

Vanquished Creatures
  A wight (D:3)
  An orc wizard (D:3)
  An adder (D:2)
  2 dart slugs (D:2)
  6 orcs (D:3)
  6 ball pythons
  3 bats (D:1)
  6 endoplasms
  4 giant cockroaches
  5 goblins
  5 hobgoblins
  3 kobolds
  3 quokkas (D:1)
  4 frilled lizards
  6 rats
56 creatures vanquished.

Vanquished Creatures (others)
  17 plants (D:1)
17 creatures vanquished.

Grand Total: 73 creatures vanquished

Notes
Turn   | Place    | Note
-------+----------+-------------------------------------------
     0 | D:1      | konerai the Troll Fighter began the quest for the Orb.
     0 | D:1      | Reached XP level 1. HP: 22/22 MP: 0/0
    51 | D:1      | Reached XP level 2. HP: 29/29 MP: 1/1
   230 | D:1      | Reached XP level 3. HP: 36/36 MP: 2/2
   965 | D:3      | Reached XP level 4. HP: 44/44 MP: 3/3
  1044 | D:3      | Reached XP level 5. HP: 30/52 MP: 4/4
  1052 | D:3      | HP: 1/47 [wight/+0 spear (5)]
  1052 | D:3      | Slain by a wight

Illustrated notes

Levels and vault maps discovered:
D:1:      roderic_crop_circles_arrival_small, layout_basic,
          shapermc_ecumenical_altar_notcrosses
D:2:      layout_basic
D:3:      layout_basic

Skill      XL: |  1  2  3  4 |
---------------+-------------+-----
Maces & Flails | 2 3 |  3.2
Shields        | 3 |  3.7
Dodging        | 3 |  3.0
Fighting       | |  2.8

Action                     |  1- 3 |  4- 6 || total
---------------------------+-------+-------++-------
  Melee: Flail             |   142 |    36 ||   178
 Armour: Robe              |    49 |     6 ||    55
  Dodge: Dodged            |    42 |    19 ||    61
  Block: Kite shield       |    78 |    31 ||   109
         Reflection        |     1 |       ||     1
